 Dungeon Crawl Stone Soup version 0.28-a0-43-g560ac104fe (webtiles) character file.

Game seed: 1220544678128270111

138595 wakim the Spry (level 17, -1/105 (137) HPs)
             Began as a Merfolk Gladiator on July 28, 2021.
             Was an Initiate of Gozag.
             Slain by Donald (35 damage)
             ... on level 1 of the Elven Halls.
             The game lasted 02:01:01 (39280 turns).

wakim the Spry (Merfolk Gladiator)                 Turns: 39280, Time: 02:01:01

HP:   -1/105 (137)  AC: 16    Str: 16    XL:     17   Next: 26%
MP:   0/22          EV: 27    Int:  7    God:    Gozag
Gold: 5165          SH: 16    Dex: 25    Spells: 16/16 levels left

rFire   . . .      SeeInvis .   a - +3 trident (venom)
rCold   + . .      Faith    .   i - +2 buckler {reflect}
rNeg    . . .      Spirit   +   Y - +4 moon troll leather armour {Spirit, Regen++ MP+5}
rPois   +          Reflect  +   c - +1 helmet
rElec   .          Harm     .   t - +1 cloak {rC+}
rCorr   +          Rampage  .   V - +0 pair of gloves
Will    ++...                   W - +0 pair of boots
Stlth   +++++.....              h - amulet "Weptyffu" {Reflect Dex+4 SH+5}
HPRegen 2.27/turn               k - ring of willpower
MPRegen 0.18/turn               e - ring of Radurgh {rPois rCorr Stlth+}

@: marked, heavily drained
A: (nimble swimmer 2), mertail
a: Renounce Religion, Potion Petition, Call Merchant, Bribe Branch


You were on level 1 of the Elven Halls.
You worshipped Gozag.
Gozag was greatly pleased with you.
You visited 6 branches of the dungeon, and saw 26 of its levels.
You also visited: Sewer and Ice Cave.

You collected 8742 gold pieces.
You spent 938 gold pieces at shops.
You paid 2639 gold pieces to Gozag.

Inventory:

Hand Weapons
 a - a +3 trident of venom (weapon)
 b - the +6 spear "Cera" {vorpal, rF++ Stlth+}
   (You took it off a spriggan on level 13 of the Dungeon)

   It inflicts extra damage upon your enemies.
   rF:        It greatly protects you from fire.
   Stlth:     It makes you more stealthy.
Missiles
 f - 7 throwing nets {=f!f}
 g - 10 curare-tipped darts {=f}
 l - 5 silver boomerangs
 s - 25 boomerangs (quivered)
 z - 3 javelins
Armour
 c - a +1 helmet (worn)
 d - the +5 ring mail of Woapion {+Blink rElec}
   (You took it off a wight on level 7 of the Dungeon)

   rElec:     It insulates you from electricity.
   +Blink:    It lets you blink.
 i - a +2 buckler of reflection (worn)
 o - a scarf of invisibility
 t - a +1 cloak of cold resistance (worn)
 A - a +2 tower shield of cold resistance
 L - the +1 robe of Unreason {rElec Regen+ Int-3 Slay+3}
   (You found it on level 1 of the Elven Halls)

   Int:       It affects your intelligence (-3).
   Slay:      It affects your accuracy & damage with ranged weapons and melee
   (+3).
   rElec:     It insulates you from electricity.
   Regen:     It increases your rate of health regeneration.
 V - a +0 pair of gloves (worn)
 W - a +0 pair of boots (worn)
 Y - the +4 moon troll leather armour (worn) {Spirit, Regen++ MP+5}
   (You found it on level 15 of the Dungeon)

   MP:        It affects your magic capacity (+5).
   Regen:     It increases your rate of health regeneration.
Jewellery
 e - the ring of Radurgh (right hand) {rPois rCorr Stlth+}
   (You found it on level 5 of the Lair of Beasts)

   [ring of poison resistance]

   rPois:     It protects you from poison.
   rCorr:     It protects you from acid and corrosion.
   Stlth:     It makes you more stealthy.
 h - the amulet "Weptyffu" (around neck) {Reflect Dex+4 SH+5}
   (You found it on level 6 of the Lair of Beasts)

   [amulet of reflection]

   It reflects blocked missile attacks.
   Dex:       It affects your dexterity (+4).
   SH:        It affects your SH (+5).
 j - the ring "Loumeapena" {Fire rN+ rCorr Slay+3}
   (You found it in an ice cave)

   [ring of fire]

   It enhances your fire magic.
   Slay:      It affects your accuracy & damage with ranged weapons and melee
   (+3).
   rF:        It protects you from fire.
   rC:        It makes you vulnerable to cold.
   rN:        It protects you from negative energy.
   rCorr:     It protects you from acid and corrosion.
 k - a ring of willpower (left hand)
 n - a ring of flight
 p - a ring of wizardry
 q - a ring of protection from cold
 K - an amulet of regeneration
 N - a +4 ring of evasion
Wands
 u - a wand of mindburst (25)
 v - a wand of flame (132)
 w - a wand of acid (7)
 x - a wand of iceblast (51)
 y - a wand of paralysis (8)
Scrolls
 m - 4 scrolls of enchant armour
 r - 9 scrolls of identify
 P - a scroll of enchant weapon
 R - 4 scrolls of magic mapping {!r}
 S - a scroll of summoning
 T - 9 scrolls of teleportation
 U - 4 scrolls of fear
 X - 2 scrolls of fog
 Z - a scroll of silence {!r}
Potions
 B - a potion of magic {unknown}
 C - 3 potions of berserk rage {!q}
 D - 6 potions of brilliance
 E - a potion of cancellation
 F - 11 potions of curing
 G - 2 potions of flight
 H - 2 potions of haste
 I - a potion of invisibility
 J - 3 potions of heal wounds
 O - 2 potions of resistance


   Skills:
 + Level 13.3 Fighting
 - Level 16.0 Polearms
 + Level 8.2 Throwing
 - Level 6.0 Armour
 + Level 17.2 Dodging
 - Level 8.0 Stealth
 * Level 12.4 Shields
 - Level 12.0 Evocations


You had 16 spell levels left.
You didn't know any spells.
Your spell library contained the following spells:

 Spells                   Type           Power      Damage    Failure   Level
 Beastly Appendage        Tmut           0%         N/A       50%         1
 Sandblast                Erth           0%         2d4       50%         1
 Summon Small Mammal      Summ           0%         N/A       50%         1
 Passwall                 Tmut/Erth      0%         N/A       63%         2
 Wereblood                Tmut           0%         N/A       63%         2
 Call Canine Familiar     Summ           0%         N/A       86%         3
 Spider Form              Tmut/Pois      0%         N/A       86%         3
 Summon Guardian Golem    Hex/Summ       0%         N/A       86%         3
 Swiftness                Air            0%         N/A       86%         3
 Summon Ice Beast         Ice/Summ       0%         N/A       99%         4
 Lee's Rapid Deconstruct  Erth           0%         3d5*      100%        5
 Summon Mana Viper        Hex/Summ       0%         N/A       100%        5
 Invisibility             Hex            0%         N/A       100%        6
 Monstrous Menagerie      Summ           0%         N/A       100%        7


Dungeon Overview and Level Annotations

Branches:
Dungeon (15/15)            Temple (1/1) D:7            Lair (6/6) D:8
  Swamp (0/4) Lair:3        Snake (0/4) Lair:3        Slime (0/5) Lair:5
    Orc (2/2) D:9             Elf (1/3) Orc:2        Vaults (0/5) D:13
 Depths (1/5) D:15          Sewer (visited)           IceCv (visited)

Altars:
Ashenzari
Cheibriados
Dithmenos
Gozag
Hepliaklqana
Kikubaaqudgha
Nemelex Xobeh
Okawaru
Qazlal
Ru
Trog
Vehumet
Xom
Yredelemnul
Zin
The Shining One
Jiyva

Shops:
D:1 *   D:9 [   D:11 [   D:15 (   Orc:2 [*:*[   Lair:5 (

Portals:
Abyss: Orc:1

Annotations:
D:15 exclusion: obsidian statue
Orc:1 2 transporters, Geec's ghost, journeyman OpCj
Elf:1 3 runed translucent doors, Donald; Joofib's ghost, adept DjVM


Innate Abilities, Weirdness & Mutations

((You are quick and stealthy near water. (Stealth+, EV+, Speed+++)))
Your lower body shifts to a powerful aquatic tail in water.


Message History

A sentinel's mark forms upon you.
Donald mumbles some strange words.
Donald seems to grow stronger.
Donald shakes his head.
Donald says, "I think I'm starting to get a cough.
I hate that."
Donald hits you with a +4 war axe of draining!!
You feel drained.
Donald says, "Why would you have your front door in a mine?
Stupid."
Donald says, "Really pretty, but really, really boring.
I hate that."
Donald completely misses you.
You puncture Donald!
Donald is poisoned.
Donald is lightly wounded.
You block Donald's attack.
You barely miss Donald.
Donald is lightly wounded.
Donald hits you with a +4 war axe of draining!!
You feel drained. Donald blocks your attack.
Donald is lightly wounded.
Unknown command.
You block Donald's attack.
Donald says, "I hate the rich."
Donald hits you with a +4 war axe of draining!!
You feel drained.
A +2 vorpal long sword comes into view.
Donald hits you with a +4 war axe of draining!!
* * * LOW HITPOINT WARNING * * *
You feel drained.
* * * LOW HITPOINT WARNING * * *
Donald says, "Why would you have your front door in a mine?
Stupid."
Donald completely misses you.
Donald says, "Why would you have your front door in a mine?
Stupid."
Donald says, "I hope this rune is worth it!"
Donald hits you with a +4 war axe of draining!!
* * * LOW HITPOINT WARNING * * *
You feel drained.
* * * LOW HITPOINT WARNING * * *
Donald hits you with a +4 war axe of draining!!!
You die...
Your body crumbles into a pile of gold.

(.##
##.####...###.........##.#
..# ### ##.##
#............# ..# #.#
#............## ..#
#.####.............## ...
#...##..)......##...#
#####.##........####...
##.###.##........####...
####...##.##.........##....
+.........@@.(..##....(...#
####...##.###..####..##..##
##.###.# #..# #.#..#.## ###
#.# ##..##..#).#..# #.#
#.......##.... #.#
#.#..##....##. #.#
#.#.####..#### #.# #...#
#.. # #. #... .


You could see Donald (fast, strong, poisoned) and a +2 vorpal long sword.

Vanquished Creatures
  Jorgrun (D:15)
  Frances (D:13)
  Gastronok (Orc:1)
  A deep elf demonologist (Elf:1)
  2 dire elephants
  A white draconian (IceCv)
  The ghost of sn0wgr3 the Fighter, a journeyman GrFi of Okawaru (D:13)
  An ettin (Orc:1)
  Josephine (Lair:6)
  Harold (D:10)
  13 hydras
  Erica (Orc:1)
  3 boulder beetles
  A centaur warrior (D:14)
  A catoblepas (Lair:6)
  The ghost of MovingMist the Nimble, a journeyman GrFi of Okawaru (Lair:1)
  A deep troll shaman (Lair:6)
  2 tengu warriors (D:14)
  3 two-headed ogres
  9 death yaks
  6 orc high priests (Orc:2)
  Nergalle (Orc:1)
  4 deep elf knights
  A deep troll (D:13)
  A deep elf archer (Elf:1)
  10 orc knights
  A phantasmal warrior (D:13)
  Pikel (D:5)
  An orb spider (shapeshifter) (D:13)
  10 deep elf pyromancers
  11 deep elf zephyrmancers
  5 oklob plants
  18 ugly things
  An orc sorcerer (Orc:2)
  3 cyclopes
  3 manticores
  Maurice (Orc:1)
  14 elephants
  A guardian serpent (shapeshifter) (D:13)
  7 black mambas
  19 cane toads
  Joseph (D:9)
  2 ice statues (IceCv)
  A naga mage (D:15)
  A cane toad (shapeshifter) (D:11)
  A torpor snail (Lair:6)
  6 komodo dragons
  A rime drake (shapeshifter) (D:13)
  5 rime drakes
  An unseen horror (D:11)
  4 yaktaurs (D:15)
  A tengu conjurer (D:14)
  2 polar bears
  7 trolls
  4 hornets
  12 slime creatures
  A dream sheep (Lair:5)
  11 blink frogs
  An air elemental (Elf:1)
  3 wyverns
  37 yaks
  3 water elementals
  6 wraiths
  2 spriggans (D:13)
  The ghost of Shym the Skirmisher, an amateur MiBe of Trog (D:4)
  2 vampires
  A human (shapeshifter) (Elf:1)
  13 vampire mosquitoes
  4 basilisks
  2 fire elementals (Elf:1)
  2 steam dragons (D:6)
  A steam dragon (shapeshifter) (D:13)
  3 wargs
  A naga (Lair:3)
  2 swamp worms (Lair:3)
  2 acid dragons
  12 water moccasins
  A swamp drake (Lair:3)
  A hornet zombie (D:5)
  39 orc warriors
  3 black bears
  An ice beast (D:5)
  A sky beast (D:5)
  7 centaurs
  6 ogres
  4 boggarts (D:14)
  14 wolves
  A lemure (D:5)
  2 kobold brigands
  14 bullfrogs
  A scorpion (D:6)
  An earth elemental (Elf:1)
  A wyvern zombie (D:8)
  A water moccasin skeleton (D:6)
  7 killer bees (D:9)
  18 wights
  6 lindwurm simulacra (IceCv)
  8 electric eels
  A howler monkey (D:5)
  7 centaur zombies
  Crazy Yiuf (D:7)
  7 komodo dragon simulacra (IceCv)
  33 orc priests
  2 hounds
  A jelly (D:6)
  A bullfrog skeleton (D:6)
  A centaur skeleton (D:5)
  2 iguanas
  13 orc wizards
  2 howler monkey zombies (D:9)
  Robin (D:3)
  4 acid dragon simulacra (IceCv)
  5 adders
  4 gnolls (D:2)
  A howler monkey skeleton (D:5)
  3 river rats
  A shadow imp (D:5)
  A white imp (D:8)
  2 ufetubi
  4 steam dragon simulacra (IceCv)
  An adder skeleton (D:5)
  A worm (D:2)
  A dart slug (D:1)
  90 orcs
  6 bats
  9 endoplasms
  5 giant cockroaches
  14 goblins
  10 hobgoblins
  8 jackals
  14 kobolds
  5 quokkas
  12 ball pythons
  6 frilled lizards
  12 rats
  A butterfly (Lair:4)
753 creatures vanquished.

Vanquished Creatures (others)
  4 dancing weapons
  Sonja (D:13)
  A deep elf pyromancer (Orc:2)
  A cyclops (D:13)
  An ugly thing (D:13)
  A komodo dragon (D:13)
  A spriggan (D:13)
  A boggart (D:14)
  10 fungi
  38 plants
  2 withered plants
61 creatures vanquished.

Grand Total: 814 creatures vanquished

Notes
Turn   | Place    | Note
-------+----------+-------------------------------------------
     0 | D:1      | wakim the Merfolk Gladiator began the quest for the Orb.
     0 | D:1      | Reached XP level 1. HP: 16/16 MP: 1/1
     0 | D:1      | Noticed an iron dragon
     0 | D:1      | Noticed a red draconian
     3 | D:1      | Noticed a large abomination
     5 | D:1      | Noticed a green draconian
     5 | D:1      | Noticed an iron dragon
     7 | D:1      | Noticed a red draconian
     9 | D:1      | Noticed an orb of fire
    10 | D:1      | Noticed a green draconian
    12 | D:1      | Noticed a tentacled monstrosity
    14 | D:1      | Noticed a shadow dragon
    14 | D:1      | Noticed a tentacled monstrosity
    16 | D:1      | Noticed an ice dragon
    18 | D:1      | Noticed a shadow dragon
    18 | D:1      | Noticed a tentacled monstrosity
    20 | D:1      | Noticed a large abomination
    20 | D:1      | Noticed an ice dragon
   104 | D:1      | Reached XP level 2. HP: 12/22 MP: 2/2
   252 | D:1      | Reached skill level 5 in Polearms
   560 | D:1      | Found a faded altar of an unknown god.
   989 | D:1      | Found Usurghogu's Assorted Antiques.
   998 | D:1      | Bought a scroll labelled KEAPAC WIMYBE for 29 gold pieces
   998 | D:1      | Bought a bubbling ruby potion for 26 gold pieces
  1065 | D:1      | Reached XP level 3. HP: 27/27 MP: 3/3
  1934 | D:2      | Reached XP level 4. HP: 27/33 MP: 4/4
  2014 | D:2      | Reached skill level 5 in Dodging
  2898 | D:3      | Noticed Robin
  2925 | D:3      | Killed Robin
  2926 | D:3      | Reached XP level 5. HP: 25/38 MP: 5/5
  4309 | D:4      | Found a runed translucent gate.
  4310 | D:4      | Found a runed translucent gate.
  4435 | D:4      | Found a runed translucent gate.
  4435 | D:4      | Noticed Shym's ghost (amateur MiBe)
  4436 | D:4      | Noticed a kobold brigand
  4673 | D:4      | Noticed a centaur
  4695 | D:3      | Reached skill level 6 in Dodging
  4695 | D:3      | Reached XP level 6. HP: 21/44 MP: 6/6
  5883 | D:5      | Entered Level 5 of the Dungeon
  5885 | D:5      | Noticed Pikel
  5898 | D:5      | Killed Pikel
  5899 | D:5      | Reached skill level 7 in Dodging
  5899 | D:5      | Reached XP level 7. HP: 47/50 MP: 7/7
  5899 | D:5      | Reached XP level 8. HP: 53/56 MP: 8/8
  6136 | D:5      | Reached skill level 8 in Dodging
  6155 | D:5      | Found a sacrificial altar of Ru.
  6277 | D:5      | Reached skill level 1 in Stealth
  6467 | D:5      | Found a glowing drain.
  6479 | Sewer    | Entered a sewer
  7269 | D:5      | Noticed a yak
  7280 | D:5      | Killed a yak
  7624 | D:3      | Reached XP level 9. HP: 39/65 MP: 5/9
  7856 | D:6      | Found a basalt altar of Yredelemnul.
  8303 | D:6      | Found an opulent altar of Gozag.
  9170 | D:6      | Became a worshipper of Gozag Ym Sagoz the Greedy
  9220 | D:7      | Found a shadowy altar of Dithmenos.
  9240 | D:7      | Reached skill level 5 in Fighting
  9247 | D:7      | Identified the +5 ring mail of Woapion {+Blink rElec}
  9262 | D:7      | Reached skill level 1 in Evocations
  9296 | D:7      | Reached skill level 9 in Dodging
  9664 | D:7      | Reached XP level 10. HP: 58/75 MP: 7/10
  9936 | D:7      | Found a runed translucent door.
  9937 | D:7      | Noticed Crazy Yiuf
  9946 | D:7      | Killed Crazy Yiuf
 10038 | D:7      | Found a staircase to the Ecumenical Temple.
 10255 | D:8      | Noticed a two-headed ogre
 10333 | D:8      | Noticed a two-headed ogre
 10333 | D:8      | Noticed a manticore
 10358 | D:7      | Killed a two-headed ogre
 10359 | D:7      | Reached skill level 10 in Dodging
 10588 | D:4      | Killed Shym's ghost
 11211 | Temple   | Entered the Ecumenical Temple
 11450 | D:8      | Killed a manticore
 11451 | D:8      | Reached skill level 5 in Stealth
 11493 | D:8      | Killed a two-headed ogre
 11494 | D:8      | Reached skill level 11 in Dodging
 11581 | D:8      | Found a staircase to the Lair.
 12013 | D:9      | Reached XP level 11. HP: 85/86 MP: 9/11
 12069 | D:9      | Found Giafiakk's Armour Boutique.
 12071 | D:9      | Found a staircase to the Orcish Mines.
 12072 | D:9      | Noticed Joseph
 12128 | D:9      | Killed Joseph
 12129 | D:9      | Reached skill level 12 in Dodging
 12129 | D:9      | Reached skill level 5 in Evocations
 13067 | D:9      | Found a broken altar of Ashenzari.
 13249 | D:10     | Entered Level 10 of the Dungeon
 13282 | D:10     | Noticed Harold
 13300 | D:10     | Killed Harold
 13572 | D:10     | Found a stormy altar of Qazlal.
 13573 | D:10     | Found a glowing silver altar of Zin.
 13852 | D:10     | Found a snail-covered altar of Cheibriados.
 13860 | D:10     | Found a bloodstained altar of Trog.
 13892 | D:10     | Found a hazy altar of Hepliaklqana.
 13894 | D:10     | Found an iron altar of Okawaru.
 14206 | Lair:1   | Entered Level 1 of the Lair of Beasts
 14408 | Lair:1   | Found a transporter.
 14408 | Lair:1   | Found a transporter.
 14413 | Lair:1   | Noticed MovingMist's ghost (journeyman GrFi)
 14414 | Lair:1   | Noticed an eight-headed hydra
 15058 | Lair:1   | Noticed a six-headed hydra
 15105 | Lair:1   | Killed a six-headed hydra
 15106 | Lair:1   | Reached skill level 13 in Dodging
 15620 | Lair:2   | Noticed an oklob plant
 15669 | Lair:2   | Reached XP level 12. HP: 91/94 MP: 12/12
 16221 | Lair:2   | Noticed a seven-headed hydra
 16221 | Lair:2   | You fall into a shaft and drop 1 floor!
 16221 | Lair:3   | Noticed a six-headed hydra
 16790 | Lair:2   | Killed a seven-headed hydra
 16791 | Lair:2   | Reached skill level 14 in Dodging
 17025 | Lair:3   | Reached skill level 5 in Throwing
 17233 | Lair:3   | Killed a six-headed hydra
 17429 | Lair:3   | Found a staircase to the Snake Pit.
 17497 | Lair:3   | Noticed an eight-headed hydra
 17790 | Lair:3   | Noticed a six-headed hydra
 17805 | Lair:3   | Killed a six-headed hydra
 18203 | Lair:3   | Noticed a seven-headed hydra
 18217 | Lair:3   | Killed a seven-headed hydra
 18839 | Lair:3   | Reached skill level 10 in Fighting
 18849 | Lair:3   | Found a staircase to the Swamp.
 18932 | Lair:3   | Killed an eight-headed hydra
 18933 | Lair:3   | Reached skill level 15 in Dodging
 18933 | Lair:3   | Reached XP level 13. HP: 86/103 MP: 10/13
 19028 | Lair:3   | Reached skill level 1 in Armour
 19028 | Lair:3   | Reached skill level 10 in Evocations
 19028 | Lair:3   | Reached XP level 14. HP: 111/111 MP: 14/14
 19611 | Lair:3   | Reached skill level 16 in Dodging
 20830 | Lair:5   | Identified the ring of Radurgh {rPois rCorr Stlth+}
 20865 | Lair:5   | Found a frozen archway.
 20969 | IceCv    | Entered an ice cave
 21977 | IceCv    | Noticed a white draconian
 21990 | IceCv    | Reached skill level 1 in Shields
 22075 | IceCv    | Killed a white draconian
 22226 | IceCv    | Identified the ring "Loumeapena" {Fire rN+ rCorr Slay+3}
 22236 | IceCv    | Identified the ring of Ocvouhin {rCorr Int+2}
 23281 | Lair:5   | Found a staircase to the Slime Pits.
 24137 | Lair:5   | Bought a twisted glaive for 356 gold pieces
 24137 | Lair:5   | Identified the +5 glaive "Nevisaeg" {vamp, Fly rPois} (You
                  | bought it in a shop on level 5 of the Lair of Beasts)
 24147 | Lair:6   | Entered Level 6 of the Lair of Beasts
 24341 | Lair:6   | Reached skill level 5 in Shields
 24838 | Lair:6   | Reached XP level 15. HP: 119/120 MP: 15/15
 24906 | Lair:6   | Noticed Josephine
 25065 | Lair:6   | Killed Josephine
 25823 | Lair:6   | Reached skill level 15 in Polearms
 26096 | Lair:6   | Reached skill level 5 in Armour
 26195 | Lair:6   | Identified the amulet "Weptyffu" {Reflect Dex+4 SH+5}
 26424 | Orc:1    | Entered Level 1 of the Orcish Mines
 26474 | Orc:1    | Noticed Maurice
 26503 | Orc:1    | Noticed Erica
 26504 | Orc:1    | Noticed Nergalle
 26571 | Orc:1    | Killed Maurice
 26632 | Orc:1    | Killed Erica
 26767 | Orc:1    | Killed Nergalle
 26827 | Orc:1    | Noticed Gastronok
 26837 | Orc:1    | Killed Gastronok
 27255 | Orc:1    | Found a transporter.
 27432 | Orc:1    | Found a one-way gate to the infinite horrors of the Abyss.
 27433 | Orc:1    | Noticed Geec's ghost (journeyman OpCj)
 27446 | Orc:1    | Found a transporter.
 27477 | Orc:1    | Noticed a cacodemon
 28092 | Orc:2    | Entered Level 2 of the Orcish Mines
 28291 | Orc:2    | Found a staircase to the Elven Halls.
 30532 | Orc:2    | Found Iwemohug's General Store.
 30532 | Orc:2    | Found Yrumimn's Book Emporium.
 30533 | Orc:2    | Found Ruim's Assorted Antiques.
 30533 | Orc:2    | Found Lugim's Armour Emporium.
 30541 | Orc:2    | Bought a scroll of teleportation for 42 gold pieces
 30542 | Orc:2    | Bought a potion of curing for 87 gold pieces
 30542 | Orc:2    | Bought a murky green potion for 26 gold pieces
 30542 | Orc:2    | Bought a smoky white potion for 26 gold pieces
 30542 | Orc:2    | Bought a pair of boots for 130 gold pieces
 31160 | D:11     | Found Qiuc's Antique Armour Emporium.
 31174 | D:11     | Bought a warped ring mail for 216 gold pieces
 31174 | D:11     | Identified the +1 ring mail of Weirdness {rPois rF- Will+}
                  | (You bought it in a shop on level 11 of the Dungeon)
 31664 | D:11     | Reached XP level 16. HP: 127/127 MP: 16/16
 32605 | D:13     | Killed Sonja
 32770 | D:13     | Reached skill level 10 in Shields
 32929 | D:13     | Noticed Frances
 32975 | D:13     | Found a gate to the Vaults.
 33651 | D:13     | Found a radiant altar of Vehumet.
 33762 | D:13     | Killed Frances
 33873 | D:13     | Found a runed translucent door.
 33873 | D:13     | Noticed sn0wgr3's ghost (journeyman GrFi)
 33934 | D:13     | Identified the +6 spear "Cera" {vorpal, rF++ Stlth+}
 34516 | Lair:1   | Killed MovingMist's ghost
 35290 | D:13     | Killed sn0wgr3's ghost
 35737 | D:14     | Found an ancient bone altar of Kikubaaqudgha.
 35900 | D:14     | Found a glowing golden altar of the Shining One.
 36343 | D:15     | Entered Level 15 of the Dungeon
 36355 | D:15     | Found the +4 moon troll leather armour {Spirit, Regen++
                  | MP+5}
 36747 | D:15     | Found Quoxal's Weapon Boutique.
 36907 | D:15     | Noticed Jorgrun
 36975 | D:15     | Killed Jorgrun
 37426 | D:15     | Found the +2 robe of Vines {NoPotionHeal Regen+++}
 37499 | D:15     | Found a staircase to the Depths.
 37836 | Depths:1 | Entered Level 1 of the Depths
 38019 | Elf:1    | Entered Level 1 of the Elven Halls
 38204 | Orc:2    | Reached skill level 17 in Dodging
 38230 | Elf:1    | Reached XP level 17. HP: 136/136 MP: 17/17
 38791 | Elf:1    | Identified the +1 robe of Unreason {rElec Regen+ Int-3
                  | Slay+3}
 38808 | Elf:1    | Found a runed translucent gate.
 38809 | Elf:1    | Found a runed translucent gate.
 38810 | Elf:1    | Found a runed translucent gate.
 38810 | Elf:1    | Noticed Joofib's ghost (adept DjVM)
 39001 | Elf:1    | Noticed Donald
 39237 | Elf:1    | Got Dispater's Guide on Summoning
 39280 | Elf:1    | Slain by Donald

Illustrated notes

Levels and vault maps discovered:
D:1:      shiori_arrival_whats_in_store_for_you, layout_basic, serial_shops,
          shop, ebering_ecumenical_altar_petrified, minmay_bisected
D:2:      layout_loops_ring, kennysheep_boxes
D:3:      layout_basic, uniq_robin
D:4:      layout_loops_cross, gammafunk_ghost_nasty_kobolds,
          kennysheep_small_square
D:5:      cheibrodos_two_vegetables, layout_basic, nicolae_ru_awakened_eye,
          portal_sewer_entry_e, uniq_pikel
D:6:      cheibrodos_steamvent, layout_basic, amcnicky_altar_gilded,
          yredelemnul_altar_generic
D:7:      layout_loops_ring, grunt_dithmenos_smoke, minmay_temple_entry_trees,
          uniq_crazy_yiuf_cottage
D:8:      layout_basic, lair_entry_dummy, serial_curves, eino_curves_02,
          eino_curves_02
D:9:      layout_roguey, nicolae_ashenzari_skybound, orc_david_3, uniq_joseph
D:10:     layout_gridville, cheibriados_altar_1, grunt_temple_overflow_open,
          uniq_harold
D:11:     layout_roguey, serial_shops, nicolae_shop_trees,
          kennysheep_generic_room_7
D:12:     layout_irregular_city
D:13:     layout_roguey, david_vaults_4, ebering_ghost_funeral_grove,
          fiery_altar_vehumet, uniq_frances, uniq_sonja
D:14:     layout_rooms, old_standard_altar, kiku_gazebo_garden_becter
D:15:     hangedman_depths_entry_try_elsewhere_first, layout_loops_ring,
          serial_shops, shop, minmay_crystal_room, minmay_protected_statue,
          uniq_jorgrun
Temple:   pf_slimified_temple
Lair:1:   layout_cave_pods, nzn_ghost_randoct
Lair:2:   layout_layer_cave
Lair:3:   layout_big_grid, nicolae_swamp_entry_splash_gauntlet,
          guppyfry_snake_entry_garden, pond, grunt_megastairs_3
Lair:4:   layout_regular_city, minmay_holes, chequers_serial_rivers_small_3,
          lemuel_fruit_fields, grunt_megastairs_5, infiniplex_staircase_pool_2
Lair:5:   statuecave_lemuel, layout_regular_city, dpeg_slime_entry_corner,
          portal_ice_cave_entry_pillars_1, minmay_lair_oklob_chamber,
          grunt_megastairs_1
Lair:6:   grunt_lair_end_beastmaster, layout_big_grid, hibernation_bobbens,
          lemuel_fruit_tree, uniq_josephine
Orc:1:    cheibrodos_orc_arena, layout_caves, gammafunk_ghost_abyssal_escape,
          uniq_nergalle, uniq_gastronok, uniq_maurice, uniq_erica
Orc:2:    st_orc_pillars, layout_diamond_mine
Elf:1:    minmay_elf_arrival_plus, layout_loops_corners,
          ebering_ghost_rock_garden, serial_shops, shop, minmay_elf_demonology,
          minivault_5, nicolae_elf_free_trip_to_the_abyss, uniq_donald
Depths:1: layout_honeycomb, infiniplex_enter_wizlab_spiral, lightli_too_deep,
          grunt_pan_entry_in_and_out, minmay_misc_feat_enclosed,
          chequers_serial_rivers_room_b, patterned_corridor,
          serial_bayou_shore_b, uniq_enchantress

Skill      XL: |  1  2  3  4  5  6  7  8  9 10 11 12 13 14 15 16 17 |
---------------+----------------------------------------------------+-----
Polearms       | 5 6 7 8 11 12 14 16 | 16.0
Dodging        | 5 6 7 8 9 11 13 15 16 17 | 17.2
Stealth        | 3 4 5 6 8 |  8.0
Fighting       | 3 6 8 10 11 12 13 | 13.3
Evocations     | 2 4 8 9 10 11 12 | 12.0
Throwing       | 3 5 7 8 |  8.2
Armour         | 1 4 6 |  6.0
Shields        | 5 9 11 12 | 12.4

Action                   |  1- 3 |  4- 6 |  7- 9 | 10-12 | 13-15 | 16-18 || total
-------------------------+-------+-------+-------+-------+-------+-------++-------
Melee: Trident           |   123 |   170 |   318 |   791 |  1748 |  1023 ||  4173
       Tailslap          |     2 |     2 |     2 |     4 |    28 |     4 ||    42
       Glaive            |       |       |       |       |    21 |       ||    21
       Spear             |       |       |       |       |       |    23 ||    23
Throw: Boomerang         |       |       |       |    31 |    31 |     2 ||    64
Invok: Call Merchant     |       |       |       |       |     2 |       ||     2
       Potion Petition   |       |       |       |       |       |     4 ||     4
 Abil: Evoke Blink       |       |       |       |       |     1 |       ||     1
Evoke: Wand              |       |       |       |    13 |    15 |     5 ||    33
  Use: Scroll            |     4 |     5 |     5 |     9 |     4 |     1 ||    28
       Potion            |       |     1 |       |     1 |     1 |     2 ||     5
 Stab: Sleeping          |     4 |     6 |    11 |    11 |    19 |    16 ||    67
       Distracted        |       |     3 |     2 |    14 |    26 |     4 ||    49
       Petrifying        |       |       |       |       |     1 |       ||     1
       Invisible         |       |       |       |       |       |     7 ||     7
Armor: Leather armour    |    23 |    20 |    18 |     1 |       |       ||    62
       Ring mail         |       |       |       |   140 |   219 |    71 ||   430
       Troll leather arm |       |       |       |       |       |    40 ||    40
Dodge: Dodged            |    60 |    65 |   121 |   465 |   885 |   350 ||  1946
       Repelled          |       |       |       |     6 |     1 |       ||     7
Block: Tower shield      |       |       |       |       |   610 |   485 ||  1095
       Reflection        |       |       |       |       |    16 |    31 ||    47
       Buckler           |       |       |       |       |       |   178 ||   178

Table legend: (Time is in decaauts)
 A = Elapsed time spent in this place.
 B = Non-inter-level travel time spent in this place.
 C = Inter-level travel time spent in this place.
 D = Time resting spent in this place.
 E = Time spent auto-exploring this place.
 F = Levels seen in this place.
 G = Mean time per level.
                   A        B        C        D        E       F      G
               +--------+--------+--------+--------+--------+-----+--------+
         Total |  37989 |  34754 |   3235 |   2875 |  23564 |  28 | 1356.8 |
       Dungeon |  20601 |  18263 |   2338 |   1092 |  13095 |  15 | 1373.4 |
        Temple |      1 |      1 |      0 |      0 |      0 |   1 |    1.0 |
          Lair |  10357 |   9691 |    666 |   1227 |   6402 |   6 | 1726.2 |
  Orcish Mines |   4572 |   4342 |    230 |    315 |   2626 |   2 | 2286.0 |
   Elven Halls |    845 |    845 |      0 |      7 |    535 |   1 |  845.0 |
        Depths |      2 |      2 |      0 |      0 |      0 |   1 |    2.0 |
         Sewer |    311 |    311 |      0 |      0 |    167 |   1 |  311.0 |
      Ice Cave |   1296 |   1296 |      0 |    233 |    737 |   1 | 1296.0 |
               +--------+--------+--------+--------+--------+-----+--------+

Top non-repeatable levels by time:
   Orc:1: 2507 daAuts
    D:13: 2258 daAuts
  Lair:3: 2109 daAuts
   Orc:2: 2064 daAuts
  Lair:1: 1924 daAuts
     D:9: 1833 daAuts
     D:3: 1801 daAuts
  Lair:6: 1685 daAuts
     D:5: 1652 daAuts
  Lair:5: 1619 daAuts
     D:2: 1606 daAuts
  Lair:4: 1575 daAuts
     D:1: 1570 daAuts
     D:6: 1558 daAuts
  Lair:2: 1443 daAuts
